Thistle, neutral female sylph Wizard ------- ------ |.....| ----------- |(...| |.....| |.........| |^...-#################|......# |.........| |....| ##|.....|# |.<.......| -.---- ##-.....|# |.........| # #-------# --------.-- # # ## ### # # # # ### ---|-- ### # |..... # ############ |.|..|# # ### -.-------- |.....##### ##f@# #####|......>.| -|----# # --.--------# ###|.....*..| ###### ###|.........|# #.........| #-......{...# |........| ----------- ---------- Thistle the Evoker Experience level: 1 Strength: 12 Dexterity: 7 Constitution: 10 Intelligence: 19 Wisdom: 19 Charisma: 8 Health: 12(12) Energy: 4(9) Def: 1 Gold: 217 Moves: 441 Dungeon seed: YbiUGS5N0d5eJ1Yy Game ID: Thistle_1616787285 Your Inventory: Coins $ - 217 gold pieces Weapons a - a blessed +1 quarterstaff (weapon in hands) Armor e - an uncursed +0 cloak of magic resistance (being worn) q - a blessed +0 cloak of magic resistance Scrolls j - an uncursed scroll of enchant weapon m - an uncursed scroll of scare monster o - an uncursed scroll of identify Spellbooks b - a blessed spellbook of force bolt c - an uncursed spellbook of cure blindness Potions f - a blessed potion of gain energy g - an uncursed potion of healing Rings h - an uncursed ring of regeneration i - a cursed ring of warning Wands d - a wand of nothing (0:7) Tools l - a tinning kit (0:92) Gems n - 2 uncursed worthless pieces of green glass Spells and supernatural/magical abilities: Name Level Category Fail Memory a - force bolt 1 attack 0% 98% B - cure blindness 2 healing 32% 98% W - pray for help -- divine ? -- Your skills at the end: Miscellaneous Skills wands [Basic] Weapon Skills quarterstaff [Basic] Spellcasting Skills attack spells [Basic] enchantment spells [Basic] Final Attributes: You were devoutly aligned. You were magic-protected. You saw invisible. You were very stealthy. You were protected from shape changers. You survived. Vanquished creatures: 3 jackals a fox 3 newts 2 kobold zombies 9 creatures vanquished. Voluntary challenges: You went without food. You did not adorn yourself with jewelry or accessories. You did not cause conflict. You were not invisible. You did not have reflection. You were not displaced. You were an atheist. You used a wielded weapon 8 times, starting on turn 230. You did not apply a unicorn horn. You did not use plumbed fixtures. You did not drink any magical draughts. You were illiterate. You never genocided any monsters. You never polymorphed an object. You never changed form. You used no wishes. You never split a pudding. You never wrote Elbereth's name. You never violated your personal moral code. Dungeon overview: The Dungeons of Doom: levels 1 to 3 Level 1 a fountain a long staircase Level 2 <- You were here a fountain Level 3 History has recorded: On T:1 you entered the Dungeons of Doom to retrieve the Amulet of Yendor! On T:280 you reached level 2 of The Dungeons of Doom. On T:316 you reached level 3 of The Dungeons of Doom. Score breakdown: Gold: 217 ( 21 points) Experience: 1 level ( 0 points) Exploration: 3 levels ( 60 points) Discoveries: 2 items ( 100 points) Variety of kills: 4 monsters ( 200 points) Major goal: (nothing yet) ( 0 points) Survival: quit (score multiplied by 3) Total score: 1143 Latest messages: $ - 52 gold pieces. You stop running. You feel a wrenching sensation. There is nothing here to pick up. The door resists! (2x) The door opens. The jackal bites! (2x) You kill the jackal! You see here a jackal corpse. You displace Tigger. $ - 8 gold pieces. Something is engraved here on the headstone. You read: "Made in Taiwan". Tigger eats a jackal corpse. The door opens. You hear bubbling water. You stop. Tigger is in the way! The door resists! The door opens. You stop running. The kobold zombie scratches you! The spell hits the kobold zombie! You destroy the kobold zombie! Final status: Goodbye Thistle the Wizard, quit... You quit in The Dungeons of Doom on dungeon level 2 with 1143 points, and 217 pieces of gold, after 441 moves. You were level 1 with a maximum of 12 hit points when you quit.